 Dungeon Crawl Stone Soup version 0.25-a0-246-g58704a1ebd (webtiles) character file.

Game seed: 12560783736717531287, levelgen mode: classic

8994 Borgoz the Basher (level 11, -17/69 HPs)
             Began as a Gargoyle Fighter on Dec 3, 2019.
             Was a High Priest of Okawaru.
             Demolished by a large abomination (28 damage)
             ... on level 2 of the Abyss.
             The game lasted 00:20:34 (11317 turns).

Borgoz the Basher (Gargoyle Fighter)               Turns: 11317, Time: 00:20:34

Health: -17/69     AC: 19    Str: 22    XL:     11   Next: 39%
Magic:  15/15      EV: 10    Int:  9    God:    Okawaru [*****.]
Gold:   584        SH: 12    Dex: 14    Spells: 10/10 levels left

rFire    . . .     SeeInvis +   d - +4 whip (flame)
rCold    . . .     Gourm    .   c - +0 shield
rNeg     + . .     Faith    .   b - +0 scale mail
rPois    ∞         Spirit   .   y - +2 hat {SInv}
rElec    +         Reflect  .   m - +0 cloak
rCorr    .         Harm     .   (no gloves)
MR       .....                  (no boots)
Stlth    ..........             i - amulet of the acrobat
HPRegen  0.21/turn              j - +2 ring of evasion
MPRegen  0.14/turn              w - +4 ring of dexterity

@: no status effects
A: negative energy resistance 1, electricity resistance, unbreathing,
petrification resistance, rot immunity, AC +8
a: Heroism, Finesse, Renounce Religion


You were on level 2 of the Abyss.
You worshipped Okawaru.
Okawaru was extremely pleased with you.
You were near starving.

You visited 2 branches of the dungeon, and saw 11 of its levels.
You visited the Abyss 1 time.

You collected 692 gold pieces.
You spent 108 gold pieces at shops.

Inventory:

Hand Weapons
 a - the +8 great mace of Responsibility {freeze, *Contam rPois SInv}
   (You took it off an ogre on level 7 of the Dungeon)

   It has been specially enchanted to freeze those struck by it, causing extra
   injury to most foes and up to half again as much damage against particularly
   susceptible opponents.
   It can also slow down cold-blooded creatures.
   It protects you from poison.
   It lets you see invisible.
   It causes magical contamination when unequipped.
 d - a +4 whip of flaming (weapon)
Armour
 b - a +0 scale mail (worn)
 c - a +0 shield (worn)
 m - a +0 cloak (worn)
 y - a +2 hat of see invisible (worn)
Jewellery
 i - an amulet of the acrobat (around neck)
 j - a +2 ring of evasion (left hand)
 q - an uncursed ring of ice
 s - the amulet of Uttonuji {Inacc *Corrode rN+ SInv}
   (You found it on level 6 of the Dungeon)

   [amulet of inaccuracy]

   It reduces the accuracy of all your attacks.
   It protects you from negative energy.
   It lets you see invisible.
   It may corrode you when you take damage.
 t - a +5 ring of intelligence
 u - an uncursed ring of resist corrosion
 w - a +4 ring of dexterity (right hand)
 x - an uncursed ring of see invisible
 C - an uncursed ring of positive energy
Wands
 e - a wand of digging (4)
 g - a wand of flame (16)
 v - a wand of paralysis (13)
 H - a wand of enslavement (12)
Scrolls
 h - 5 scrolls of remove curse
 n - 4 scrolls of amnesia
 o - a scroll of teleportation
Potions
 k - a potion of magic
 l - a potion of cancellation
 r - 4 potions of flight
 z - a potion of brilliance
 A - a potion of curing
 E - 2 potions of mutation {unknown}
 I - a potion of haste
Comestibles
 f - 16 rations


   Skills:
 + Level 8.8 Fighting
 * Level 10.5 Maces & Flails
 + Level 8.9 Armour
 + Level 8.9 Shields
 + Level 6.2 Invocations


You had 10 spell levels left.
You didn't know any spells.
Your spell library contained the following spells:

 Spells                   Type           Power        Failure   Level  Hunger
 Corona                   Hex            #......      90%         1    ##.....
 Foxfire                  Conj/Fire      #...         90%         1    ##.....
 Slow                     Hex            #.......     97%         2    ###....
 Conjure Flame            Conj/Fire      #.......     99%         3    ####...
 Inner Flame              Hex/Fire       #.......     99%         3    ####...
 Portal Projectile        Hex/Tloc       #.....       99%         3    ####...
 Cause Fear               Hex            #.........   100%        4    #####..
 Leda's Liquefaction      Hex/Erth       #.........   100%        4    #####..
 Sticky Flame             Conj/Fire      #.......     100%        4    #####..
 Fireball                 Conj/Fire      #.........   100%        5    ######.


Dungeon Overview and Level Annotations

Branches:
Dungeon (10/15)            Temple (1/1) D:6            Lair (0/6) D:10
    Orc: D:9-12

Altars:
Ashenzari
Cheibriados
Dithmenos
Elyvilon
Fedhas
Gozag
Hepliaklqana
Kikubaaqudgha
Makhleb
Nemelex Xobeh
Okawaru
Qazlal
Ru
Sif Muna
Trog
Uskayaw
Vehumet
Wu Jian
Xom
Yredelemnul
Zin
The Shining One

Shops:
D:4 !**?

Annotations:
D:10 Psyche


Innate Abilities, Weirdness & Mutations

You are resistant to torment.
Your stone body is resilient. (AC +8)
You are immune to poison.
You resist negative energy. (rN+)
You are resistant to electric shocks. (rElec)
You can survive without breathing.
You are immune to petrification.
You are immune to rotting.


Message History

The shadow wraith hits you but does no damage.
The smoke demon hits you but does no damage.
You block the smoke demon's attack. x2
You whack the glowing orange brain! You burn the glowing orange brain.
You kill the glowing orange brain!
Okawaru is honoured by your kill.
The shadow wraith dissolves into shadows!
The spiny frog dissolves into shadows!
The smoke demon dissolves into shadows!
The large abomination dissolves into shadows!
You feel yourself speed up.
You hit the large abomination but do no damage.
You block the large abomination's attack.
You hit the large abomination but do no damage.
You hit the large abomination but do no damage.
The large abomination hits you!!
* * * LOW HITPOINT WARNING * * *
You hit the large abomination but do no damage.
You hit the large abomination but do no damage.
The large abomination hits you!!
You die...

..... #...#
#...## # . #....
.# ..
######...####.#.#
..
.............#.
.(...............
..........?.....#
#.##.#...X@...#..
# #....#####
.#....# .#....#
#.......#
###...## ###
...... .# .##.#.
# # # ###


You could see a large abomination.

Vanquished Creatures
  Erolcha (D:9)
  A death yak (D:10)
  The ghost of zhorgal the Covert, a novice NaWn of Cheibriados (D:7)
  A glowing orange brain (Abyss:2)
  Pikel (D:5)
  An orange demon (Abyss:2)
  Grinder (D:5)
  A small abomination (Abyss:2)
  2 hippogriffs (D:9)
  Sigmund (D:5)
  Grum (D:9)
  Eustachio (D:6)
  Duvessa (D:7)
  2 ice beasts
  A sky beast (D:7)
  3 orc warriors
  4 slaves (D:5)
  An eye of draining (D:9)
  10 ogres
  A necrophage (D:10)
  4 wolves (D:9)
  A phantom (D:8)
  A centaur (D:9)
  3 bullfrogs
  Dowan (D:7)
  2 scorpions
  13 killer bees
  10 wights
  2 centaur zombies
  3 hounds
  A jelly (D:6)
  A bullfrog zombie (D:6)
  5 orc priests
  2 centaur skeletons
  An iguana (D:9)
  6 orc wizards
  A hell rat (D:9)
  8 worker ants
  2 hound zombies
  A hound skeleton (D:4)
  Robin (D:2)
  A river rat (D:10)
  10 adders
  4 shadow imps
  2 oozes
  2 adder zombies (D:6)
  2 adder skeletons
  2 worms
  3 dart slugs
  8 leopard geckos
  26 orcs
  5 giant cockroaches
  13 goblins
  5 hobgoblins
  9 jackals
  3 quokkas
  4 bats
  3 frilled lizards
  9 kobolds
  A leopard gecko zombie (D:6)
  9 rats
226 creatures vanquished.

Notes
Turn   | Place    | Note
-------+----------+-------------------------------------------
     0 | D:1      | Borgoz the Gargoyle Fighter began the quest for the Orb.
     0 | D:1      | Reached XP level 1. HP: 14/14 MP: 1/1
   304 | D:1      | Reached XP level 2. HP: 19/19 MP: 2/2
   666 | D:2      | Reached XP level 3. HP: 18/23 MP: 3/3
   769 | D:2      | Noticed Robin
   814 | D:2      | Killed Robin
   814 | D:2      | Reached XP level 4. HP: 29/29 MP: 4/4
   963 | D:2      | Found a faded altar of an unknown god.
  1720 | D:3      | Reached skill level 3 in Maces & Flails
  1740 | D:3      | Reached XP level 5. HP: 33/33 MP: 5/5
  2112 | D:4      | Noticed an ogre
  2124 | D:4      | Killed an ogre
  2293 | D:4      | Reached XP level 6. HP: 39/39 MP: 6/6
  2321 | D:4      | Reached skill level 4 in Maces & Flails
  2645 | D:4      | Reached XP level 7. HP: 44/44 MP: 7/7
  2826 | D:4      | Reached skill level 5 in Shields
  2930 | D:4      | Found Anilamm's Assorted Antiques.
  2932 | D:4      | Found Suill's Distillery.
  2936 | D:4      | Found Qeimposo's Magic Scroll Shop.
  2936 | D:4      | Found Ulafoqiz's Assorted Antiques.
  2948 | D:4      | Bought a scroll of identify for 54 gold pieces
  2948 | D:4      | Bought a scroll of identify for 54 gold pieces
  3226 | D:5      | Entered Level 5 of the Dungeon
  3264 | D:5      | Found a basalt altar of Yredelemnul.
  3448 | D:5      | Reached skill level 5 in Armour
  3471 | D:5      | Noticed Pikel
  3622 | D:5      | Killed Pikel
  3622 | D:5      | Reached skill level 5 in Fighting
  3622 | D:5      | Reached skill level 5 in Maces & Flails
  3622 | D:5      | Reached XP level 8. HP: 40/50 MP: 8/8
  3697 | D:5      | Noticed Grinder
  3698 | D:5      | Noticed Sigmund
  3832 | D:6      | Found a staircase to the Ecumenical Temple.
  3917 | D:6      | Noticed Eustachio
  3954 | D:6      | Killed Eustachio
  3954 | D:6      | Reached skill level 6 in Maces & Flails
  3971 | D:6      | Got a slimy brass amulet
  4007 | D:6      | Identified the amulet of Uttonuji {Inacc *Corrode rN+ SInv}
                  | (You found it on level 6 of the Dungeon)
  4029 | Temple   | Entered the Ecumenical Temple
  4097 | Temple   | Became a worshipper of Warmaster Okawaru
  4268 | D:6      | Found a glowing silver altar of Zin.
  4268 | D:6      | Found a shimmering altar of Xom.
  4268 | D:6      | Noticed an angel
  4331 | D:6      | Reached skill level 1 in Invocations
  4629 | D:6      | Reached XP level 9. HP: 38/56 MP: 10/10
  4817 | D:5      | Reached * piety under Okawaru
  4929 | D:5      | Found an ancient bone altar of Kikubaaqudgha.
  4990 | D:5      | Paralysed by Grinder for 2 turns
  5012 | D:5      | Paralysed by Grinder for 3 turns
  5030 | D:5      | Killed Sigmund
  5030 | D:5      | Reached skill level 7 in Maces & Flails
  5038 | D:5      | Killed Grinder
  5426 | D:7      | Noticed zhorgal's ghost (novice NaWn)
  5428 | D:7      | Found a transporter.
  5430 | D:7      | Identified the +8 great mace of Responsibility {freeze,
                  | *Contam rPois SInv}
  5527 | D:7      | Found a burning altar of Makhleb.
  5527 | D:7      | Found a hide-covered altar of Uskayaw.
  5527 | D:7      | Noticed Dowan
  5527 | D:7      | Noticed Duvessa
  5528 | D:7      | Found a white marble altar of Elyvilon.
  5873 | D:7      | Reached ** piety under Okawaru
  6119 | D:7      | Found an opulent altar of Gozag.
  6124 | D:7      | Killed Dowan
  6125 | D:7      | Found a hazy altar of Hepliaklqana.
  6234 | D:7      | Killed Duvessa
  6247 | D:7      | Reached skill level 8 in Maces & Flails
  7420 | D:8      | Reached XP level 10. HP: 62/63 MP: 12/12
  8312 | D:9      | Noticed Grum
  8339 | D:9      | Reached *** piety under Okawaru
  8362 | D:9      | Killed Grum
  8362 | D:9      | Reached skill level 9 in Maces & Flails
  8545 | D:10     | Entered Level 10 of the Dungeon
  9092 | D:9      | Noticed Erolcha
  9098 | D:9      | Paralysed by Erolcha for 4 turns
  9106 | D:9      | Killed Erolcha
  9106 | D:9      | Reached **** piety under Okawaru
  9106 | D:9      | Reached skill level 5 in Invocations
  9722 | D:10     | Found a staircase to the Lair.
  9722 | D:10     | Noticed a death yak
  9747 | D:10     | Killed a death yak
  9747 | D:10     | Reached XP level 11. HP: 36/69 MP: 15/15
  9748 | D:10     | Noticed a death yak
  9749 | D:10     | Noticed a death yak
 10057 | D:7      | Found a transporter.
 10098 | D:7      | Killed zhorgal's ghost
 10098 | D:7      | Reached skill level 10 in Maces & Flails
 10115 | D:7      | HP: 2/69 [ogre/the +8 great mace of Responsibility {freeze,
                  | *Contam rPois SInv} (3)]
 10675 | D:10     | Reached ***** piety under Okawaru
 11132 | D:10     | Found a shattered altar of Ashenzari.
 11161 | D:10     | Noticed Psyche
 11175 | D:10     | Cast into level 2 of the Abyss (Psyche)
 11200 | Abyss:2  | Found a corrupted altar of Lugonu.
 11283 | Abyss:2  | Noticed a glowing orange brain
 11294 | Abyss:2  | Noticed a shadow wraith
 11310 | Abyss:2  | Killed a glowing orange brain
 11317 | Abyss:2  | Demolished by a large abomination

Levels and vault maps discovered:
D:1:      dpeg_arrival_lava_altar, layout_loops_cross, minmay_tetromino_s2
D:2:      layout_loops_ring, chequers_ecumenical_altar_twisty, uniq_robin
D:3:      layout_basic
D:4:      layout_basic, minmay_shop_grid_forest
D:5:      layout_basic, kiku_gazebo_pond_becter, yredelemnul_altar_generic,
          first_ration, uniq_sigmund, uniq_pikel, uniq_grinder
D:6:      layout_cave_pools, grunt_temple_overflow_order_and_chaos_1,
          minmay_temple_entry_overgrown, uniq_eustachio
D:7:      layout_basic, grunt_temple_overflow_open, gammafunk_ghost_smash,
          grunt_ogre_cave, uniq_duvessa
D:8:      layout_loops_ring, corner_web_ring
D:9:      layout_irregular_city, minivault_27, uniq_erolcha, uniq_grum
D:10:     layout_basic, dpeg_lair_monsters, basic_altar, nicolae_benzene_ring,
          uniq_psyche
Temple:   cyrus_circular_temple
Abyss:2:  base:
D:1

Skill      XL: |  1  2  3  4  5  6  7  8  9 10 11 |
---------------+----------------------------------+-----
Shields        | 4 5 6 7 8 |  8.9
Armour         | 4 5 6 7 8 |  8.9
Fighting       | 4 5 6 7 8 |  8.8
Maces & Flails | 3 4 5 6 8 9 10 | 10.5
Invocations    | 1 3 5 6 |  6.2

Action                   |  1- 3 |  4- 6 |  7- 9 | 10-12 || total
-------------------------+-------+-------+-------+-------++-------
Melee: Whip              |   160 |   277 |   709 |   584 ||  1730
       Flail             |     3 |       |       |       ||     3
       Unarmed           |       |       |     9 |       ||     9
Throw: Throwing net      |       |     1 |     2 |     1 ||     4
Evoke: Wand              |       |       |     4 |    17 ||    21
  Use: Potion            |       |     1 |     6 |     3 ||    10
       Scroll            |       |       |    12 |    11 ||    23
 Stab: Held in net/web   |       |     1 |       |     2 ||     3
       Paralysed         |       |       |    19 |    20 ||    39
  Eat: Chunk             |       |     6 |    13 |     8 ||    27
       Ration            |       |       |     1 |     1 ||     2
Armor: Scale mail        |    88 |   100 |   334 |   189 ||   711
Dodge: Dodged            |    55 |    84 |   304 |   182 ||   625
Block: Shield            |    86 |   116 |   375 |   292 ||   869

Table legend:
 A = Non-vault XP
 B = Vault XP
 C = Vault XP percentage of total XP
 D = Non-vault monster count
 E = Vault monster count
 F = Vault count percentage of total count
                 A         B        C        D         E       F
            +---------+---------+-------+---------+---------+-------
      Total |    7336 |    5513 |  42.9 |     187 |      35 |  15.8
            +---------+---------+-------+---------+---------+-------
        D:1 |      24 |       1 |   4.0 |      13 |       1 |   7.1
        D:2 |      75 |      37 |  33.0 |      27 |      12 |  30.8
        D:3 |      49 |       0 |   0.0 |      15 |       0 |   0.0
        D:4 |     492 |       0 |   0.0 |      15 |       0 |   0.0
        D:5 |      90 |    1129 |  92.6 |       5 |       3 |  37.5
        D:6 |     840 |     188 |  18.3 |      22 |       1 |   4.3
        D:7 |     852 |    1505 |  63.9 |      28 |       7 |  20.0
        D:8 |    1068 |       0 |   0.0 |      21 |       0 |   0.0
        D:9 |    1516 |    1772 |  53.9 |      22 |       7 |  24.1
       D:10 |     895 |     881 |  49.6 |      16 |       4 |  20.0
    Abyss:2 |    1435 |       0 |   0.0 |       3 |       0 |   0.0
            +---------+---------+-------+---------+---------+-------
